 Dungeon Crawl Stone Soup version 0.28.0-53-g5a82cb258f (webtiles) character file.

Game seed: 10076691459933216395

60 PentaManta the Conjurer (level 3, -3/21 (24) HPs)
             Began as a Demonspawn Conjurer on June 18, 2022.
             Slain by a necrophage (4 damage)
             ... on level 4 of the Dungeon.
             The game lasted 00:03:07 (2513 turns).

PentaManta the Conjurer (Demonspawn Conjurer)       Turns: 2513, Time: 00:03:07

HP:   -3/21 (24)    AC:  4    Str:  7    XL:     3   Next: 82%
MP:   2/7           EV: 12    Int: 21    God:
Gold: 94            SH:  0    Dex: 13    Spells: 2/8 levels left

rFire   . . .      SeeInvis .   j - +1 short sword (venom)
rCold   . . .      Faith    .   (no shield)
rNeg    . . .      Spirit   .   a - +0 robe
rPois   .          Reflect  .   (no helmet)
rElec   .          Harm     .   (no cloak)
rCorr   .          Rampage  .   (no gloves)
Will    .....                   l - +1 pair of boots
Stlth   +++.......              (no amulet)
HPRegen 0.07/turn               (no ring)
MPRegen 0.10/turn               (no ring)

@: heavily drained
A: thin skeletal structure 1
a: no special abilities


You were on level 4 of the Dungeon.
You visited 1 branch of the dungeon, and saw 3 of its levels.

You collected 94 gold pieces.

Inventory:

Hand Weapons
 h - a +0 hunting sling
 j - a +1 short sword of venom (weapon)
Missiles
 i - 35 stones
Armour
 a - a +0 robe (worn)
 l - a +1 pair of boots (worn)
Scrolls
 b - a scroll of fog
 f - a scroll of noise
Potions
 c - 3 potions of invisibility
 e - a potion of curing


   Skills:
 - Level 1.7 Dodging
 - Level 1.7 Stealth
 + Level 3.1 Spellcasting
 + Level 4.8 Conjurations


You had 2 spell levels left.
You knew the following spells:

 Your Spells              Type           Power      Damage    Failure   Level
a - Magic Dart            Conj           92%        1d7       1%          1
b - Searing Ray           Conj           46%        2d6       2%          2
c - Dazzling Flash        Conj/Hex       26%        N/A       14%         3

Your spell library contained the following spells:

 Spells                   Type           Power      Damage    Failure   Level
 Summon Small Mammal      Summ           12%        N/A       13%         1
 Call Canine Familiar     Summ           3%         N/A       36%         3
 Summon Guardian Golem    Hex/Summ       3%         N/A       36%         3
 Fulminant Prism          Conj/Hex       6%         3d7       43%         4
 Iskenderun's Mystic Bla  Conj/Tloc      13%        2d5       43%         4


Dungeon Overview and Level Annotations

Branches:
Dungeon (2/15)

Altars:


Innate Abilities, Weirdness & Mutations

You have a somewhat thin skeletal structure. (Dex +2, Stealth+)


Message History

The necrophage is moderately damaged.
The searing ray hits the necrophage.
The necrophage is heavily damaged. (Press . to maintain the ray.)
You closely miss the necrophage.
The necrophage is heavily damaged.
The necrophage hits you.
You feel drained.
You closely miss the necrophage.
The necrophage is heavily damaged.
The necrophage barely misses you.
Found a sapphire potion.
Found a stone staircase leading up.
There is a stone staircase leading up here.
You hit the necrophage.
The necrophage is heavily damaged.
The necrophage hits you.
You barely miss the necrophage.
The necrophage is heavily damaged.
The necrophage barely misses you.
You hit the necrophage.
The necrophage is severely damaged.
The necrophage barely misses you.
You hit the necrophage.
The necrophage is severely damaged.
The necrophage closely misses you.
You hit the necrophage.
The necrophage is severely damaged.
The necrophage hits you.
You barely miss the necrophage.
The necrophage is severely damaged.
The necrophage hits you.
You hit the necrophage but do no damage.
The necrophage is severely damaged.
The necrophage hits you.
* * * LOW HITPOINT WARNING * * *
You feel drained.
* * * LOW HITPOINT WARNING * * *
You hit the necrophage.
The necrophage is severely damaged.
The necrophage hits you.
You die...

#....# ...
#....# ...
#....# ..
#....# ..
#....# #.
#....# #.
#....#
#.###....#
#.@n<#!###
######.#
#.# #..
###


You could see a necrophage.

Vanquished Creatures
  An adder (D:2)
  A worm (D:2)
  A dart slug (D:2)
  7 ball pythons
  5 endoplasms
  4 giant cockroaches
  2 goblins (D:1)
  4 hobgoblins
  3 jackals (D:2)
  3 bats (D:2)
  3 frilled lizards
  6 kobolds
  4 rats
44 creatures vanquished.

Vanquished Creatures (others)
  5 plants (D:4)
5 creatures vanquished.

Grand Total: 49 creatures vanquished

Notes
Turn   | Place    | Note
-------+----------+-------------------------------------------
     0 | D:1      | PentaManta the Demonspawn Conjurer began the quest for the
                  | Orb.
     0 | D:1      | Reached XP level 1. HP: 13/13 MP: 3/3
   405 | D:1      | Gained mutation: You have a somewhat thin skeletal
                  | structure. (Dex +2, Stealth+) [demonic ancestry]
   405 | D:1      | Reached XP level 2. HP: 19/19 MP: 3/5
  1599 | D:2      | Reached XP level 3. HP: 16/24 MP: 0/7
  1602 | D:2      | Learned a level 2 spell: Searing Ray
  1606 | D:2      | Learned a level 3 spell: Dazzling Flash
  2465 | D:2      | You fall into a shaft and drop 2 floors!
  2487 | D:4      | Noticed a necrophage
  2512 | D:4      | HP: 1/21 [necrophage (2)]
  2513 | D:4      | Slain by a necrophage

Illustrated notes

Levels and vault maps discovered:
D:1:      elethiomel_arrival_fortress_basement, layout_basic,
          hangedman_glass_teeth
D:2:      layout_basic
D:4:      wad_woods_tower, layout_basic, lemuel_crystal_altar,
          portal_sewer_entry_d, uniq_blork_the_orc, uniq_ijyb

Skill      XL: |  1  2  3 |
---------------+----------+-----
Spellcasting   | 3 |  3.1
Dodging        | |  1.7
Stealth        | |  1.7
Conjurations   | |  4.8

Action                   || total
-------------------------++-------
Melee: Unarmed           ||    15
       Short sword       ||    17
 Cast: Magic Dart        ||    91
       Searing Ray       ||     3
  Use: Scroll            ||     6
Armor: Robe              ||     5
Dodge: Dodged            ||    25
